AoeStats
← Franz

Runestones

507516122Analyzed
1v1 RM · 14d ago on Sep 18, 2026· 41m 25s· 2 players
Game mode
Random Map
Map size
Tiny (2 player)
Population
200
Speed
Normal
Resources
Standard
Victory
Conquest
Starting age
Dark Age
Ending age
Imperial Age
RankedLock teamsTeams togetherTeam positionsShared explorationLock speedFull tech treeHidden civsTurbo modeCheats
Victory
Defeat
🇹🇷 Teutons · Türkiye
861
+15
🇫🇷 Goths · France
845
-26
Franz
7:55 Loom
10:18 Feudal Age
10:50 Double-Bit Axe
11:31 Horse Collar
14:20 Wheelbarrow
14:41 Forging
15:31 Scale Mail Armor
16:03 Fletching
17:06 Padded Archer Armor
17:25 Gold Mining
23:53 Castle Age
24:34 Heavy Plow
24:47 Bow Saw
24:04 Pikeman
25:01 Chain Mail Armor
24:52 Scale Barding Armor
25:50 Squires
26:49 Iron Casting
26:57 Bodkin Arrow
30:48 Stone Mining
31:26 Hand Cart
30:57 Town Watch
33:09 Stone Shaft Mining
cavusoglukml
6:38 Loom
12:05 Feudal Age
20:12 Castle Age
18:17 Stone Mining
18:33 Double-Bit Axe
18:54 Gold Mining
19:37 Horse Collar
21:04 Wheelbarrow
25:37 Elite Skirmisher
36:12 Hand Cart
38:53 Bloodlines
43:28 Imperial Age
Connection lost

Rejoining the realm…

Still unreachable

The connection could not be restored.

Session expired

The server has moved on; the page needs a fresh start.